 Dungeon Crawl Stone Soup version 0.18.1-1-g2f07953 (webtiles) character file.

217 M4edhros the Covert (level 5, -2/33 HPs)
             Began as an Octopode Artificer on May 7, 2016.
             Slain by a sky beast (6 damage)
             ... on level 5 of the Dungeon.
             The game lasted 00:02:12 (1492 turns).

M4edhros the Covert (Octopode Artificer)            Turns: 1492, Time: 00:02:13

Health: -2/33      AC:  1    Str: 10    XL:     5   Next: 94%
Magic:  7/7        EV: 12    Int: 14    God:
Gold:   102        SH:  2    Dex: 14    Spells: 0 memorised, 4 levels left

rFire  . . .     SeeInvis .     o - +2 dagger (holy)
rCold  . . .     Gourm    .     (no shield)
rNeg   . . .     Faith    .     (helmet restricted)
rPois  .         Spirit   .     e - +2 amulet of reflection
rElec  .         Dismiss  .     (no ring)
rCorr  .         Reflect  +     (no ring)
SustAt .         Harm     .     (no ring)
MR     .....                    (no ring)
Stlth  +++++.....               (no ring)
                                (no ring)
                                (no ring)
                                (no ring)

@: not resistant to hostile enchantments, quite stealthy
A: almost no armour, amphibious, 8 rings, constrict 8, camouflage 1, gelatinous
body 1
a: no special abilities


You were on level 5 of the Dungeon.
You were not hungry.

You visited 1 branch of the dungeon, and saw 5 of its levels.

You collected 102 gold pieces.

Inventory:

Hand Weapons
 a - a +0 short sword
 h - a +0 hunting sling
 o - a +2 dagger of holy wrath (weapon)
Missiles
 i - 21 stones (quivered)
Jewellery
 e - a +2 amulet of reflection (around mantle)
Wands
 b - a wand of flame (15/48)
 c - a wand of enslavement (12/24)
 d - a wand of random effects (12/48)
 m - a wand of polymorph (4/24)
Scrolls
 g - a scroll of noise {unknown}
 k - 4 scrolls of magic mapping {unknown}
 l - a scroll of identify {unknown}
 p - a scroll of fear {unknown}
 q - 2 scrolls of recharging {unknown}
Potions
 j - a potion of invisibility
Comestibles
 f - 4 bread rations
 n - a chunk of flesh


   Skills:
 - Level 1.0 Fighting
 - Level 1.0 Short Blades
 - Level 2.0 Dodging
 + Level 8.1 Stealth
 - Level 3.2 Evocations


You had 4 spell levels left.
You didn't know any spells.

Dungeon Overview and Level Annotations

Branches:
Dungeon (5/15)             Temple (0/1) D:5

Altars:

Annotations:
D:4 Dowan, Duvessa


Innate Abilities, Weirdness & Mutations

You cannot wear most types of armour.
You are amphibious.
You can wear up to eight rings at the same time.
You can use your tentacles to constrict eight enemies at once.
Your skin changes colour to match your surroundings (Stealth).
Your rubbery body absorbs attacks (AC +1).


Message History

Deactivating autopickup; reactivate with Ctrl-A.
Something hits you. Something shocks you.
* * * LOW HITPOINT WARNING * * *
A sky beast appears from thin air!
Reactivating autopickup.
The sky beast flickers out of sight!
Deactivating autopickup; reactivate with Ctrl-A.
Evoke which item? (* to show all) (? for menu, Esc to quit)
Okay, then.
A sky beast appears from thin air!
Reactivating autopickup.
Evoke which item? (* to show all) (? for menu, Esc to quit)
Zapping:
c - a wand of enslavement (13/24)
Press: ? - help, Shift-Dir - straight line, f - sky beast
Aim: a sky beast (lightly wounded, chance to defeat MR: 52%)
The sky beast resists with significant effort.
This wand has 12 charges left.
The sky beast hits you.
* * * LOW HITPOINT WARNING * * *
The sky beast shocks you.
You die...

............#.#
####...÷###.#.# .[
#.##.###.#.# #
##.#.#......#.#.#
...>..........#.####
##...................
#..............#....
#.####.#.......# ..
...#<...#.@.....#
#########.Y.....#
...........#####
#########..# #≈.##
#...# #.#.# #.#.##
#.#..#


You could see a sky beast.

Vanquished Creatures
  An ogre (D:4)
  A hound (D:5)
  A worker ant (D:4)
  3 adders
  An adder skeleton (D:4)
  A dart slug (D:1)
  2 giant geckos
  4 orcs (D:4)
  A ball python (D:1)
  4 giant cockroaches
  6 goblins
  2 hobgoblins
  3 jackals (D:2)
  3 bats
  A giant newt (D:1)
  5 kobolds (D:1)
  3 rats
42 creatures vanquished.

Notes
Turn   | Place    | Note
--------------------------------------------------------------
     0 | D:1      | M4edhros the Octopode Artificer began the quest for the Orb.
     0 | D:1      | Reached XP level 1. HP: 13/13 MP: 3/3
    22 | D:1      | Reached skill level 2 in Stealth
    80 | D:1      | Reached XP level 2. HP: 11/18 MP: 4/4
    84 | D:1      | Reached skill level 3 in Stealth
   515 | D:1      | Reached skill level 4 in Stealth
   606 | D:2      | Reached XP level 3. HP: 14/23 MP: 5/5
   755 | D:2      | Reached skill level 5 in Stealth
   998 | D:3      | Reached XP level 4. HP: 27/28 MP: 6/6
  1154 | D:4      | Noticed an ogre
  1180 | D:4      | Killed an ogre
  1180 | D:4      | Reached skill level 7 in Stealth
  1180 | D:4      | Reached XP level 5. HP: 25/33 MP: 7/7
  1219 | D:4      | Noticed Dowan
  1227 | D:4      | Noticed Duvessa
  1265 | D:5      | Entered Level 5 of the Dungeon
  1438 | D:5      | Reached skill level 8 in Stealth
  1460 | D:5      | Noticed a sky beast
  1476 | D:5      | Found a staircase to the Ecumenical Temple.
  1492 | D:5      | Slain by a sky beast

Skill      XL: |  1  2  3  4  5 |
---------------+----------------+-----
Stealth        | 2 4 5 7 8 |  8.1
Fighting       | |  1.0
Short Blades   | |  1.0
Dodging        | |  2.0
Evocations     | |  3.2

Action                   |  1- 3 |  4- 6 || total
-------------------------+-------+-------++-------
Melee: Short sword       |    62 |       ||    62
       Constrict         |    18 |     4 ||    22
       Tentacles         |    15 |     6 ||    21
       Dagger            |     8 |    22 ||    30
Evoke: Wand              |       |     6 ||     6
  Use: Potion            |       |     1 ||     1
 Stab: Sleeping          |     5 |     5 ||    10
       Confused          |       |     1 ||     1
  Eat: Chunk             |       |     2 ||     2
Armor: Skin              |     4 |       ||     4
Dodge: Dodged            |    43 |    11 ||    54
Block: Other             |     4 |     1 ||     5
